 Dungeon Crawl Stone Soup version 0.29.1-1-gd02db6906a (webtiles) character file.

Game seed: 6946607790147010302

4890 Earthwalker the Spear-Bearer (level 10, -11/88 HPs)
             Began as a Minotaur Fighter on Oct 10, 2022.
             Killed from afar by Maggie (13 damage)
             ... with a bolt of fire
             ... on level 8 of the Dungeon.
             The game lasted 00:28:12 (11215 turns).

Earthwalker the Spear-Bearer (Minotaur Fighter)    Turns: 11215, Time: 00:28:13

Health: -11/88     AC:  8    Str: 26    XL:     10   Next: 26%
Magic:  18/18      EV: 11    Int:  5    God:
Gold:   609        SH:  5    Dex:  9    Spells: 9/9 levels left

rFire   . . .      SeeInvis .   y - +3 trident (venom)
rCold   . . .      Faith    .   c - +0 buckler
rNeg    . . .      Spirit   .   b - +0 scale mail
rPois   +          Reflect  .   (helmet restricted)
rElec   .          Harm     .   (no cloak)
rCorr   .          Rampage  .   (no gloves)
Will    .....                   (no boots)
Stlth   ..........              (no amulet)
HPRegen 0.24/turn               u - ring of magical power
MPRegen 0.16/turn               F - ring of poison resistance

@: no status effects
A: horns 2, retaliatory headbutt
a: no special abilities


You were on level 8 of the Dungeon.
You visited 2 branches of the dungeon, and saw 9 of its levels.

You collected 609 gold pieces.

Inventory:

Hand Weapons
 a - a +0 vorpal trident
 y - a +3 trident of venom (weapon)
 C - a +3 trident of pain
 G - a +4 trident of freezing
Missiles
 h - 2 curare-tipped darts (quivered)
 m - 2 atropa-tipped darts
 o - 2 boomerangs
 v - a silver boomerang
 D - 4 throwing nets
 E - 8 poisoned darts
Armour
 b - a +0 scale mail (worn)
 c - a +0 buckler (worn)
Jewellery
 u - a ring of magical power (left hand)
 F - a ring of poison resistance (right hand)
Wands
 x - a wand of mindburst (16)
 B - a wand of paralysis (14)
Scrolls
 e - 4 scrolls of butterflies
 f - 4 scrolls of teleportation
 q - 2 scrolls of vulnerability {unknown}
 s - a scroll of enchant weapon {unknown}
 w - a scroll of acquirement {unknown}
 A - 2 scrolls of identify
Potions
 d - 2 potions of might
 g - 4 potions of degeneration
 i - 2 potions of curing
 j - 2 potions of mutation
 k - a potion of brilliance {unknown}
 l - a potion of haste {unknown}
 n - 2 potions of lignification {unknown}
 p - 3 potions of attraction {unknown}
 r - a potion of ambrosia {unknown}
 t - a potion of flight {unknown}
 z - a potion of magic {unknown}


   Skills:
 * Level 7.8 Fighting
 * Level 11.9 Polearms
 * Level 9.6 Armour
 * Level 5.1 Dodging
 * Level 6.8 Shields


You had 9 spell levels left.
You didn't know any spells.
Your spell library contained the following spells:

 Spells                   Type           Power      Damage    Failure   Level
 Apportation              Tloc           0%         N/A       80%         1
 Necrotise                Necr           0%         1d4       80%         1
 Summon Small Mammal      Summ           0%         N/A       80%         1
 Scorch                   Fire           0%         2d5       90%         2
 Flame Wave               Conj/Fire      0%         2d4       100%        4
 Petrify                  Tmut/Erth      0%         N/A       100%        4
 Metabolic Englaciation   Hex/Ice        0%         N/A       100%        5
 Statue Form              Tmut/Erth      0%         N/A       100%        6
 Summon Cactus Giant      Summ           0%         N/A       100%        6


Dungeon Overview and Level Annotations

Branches:
Dungeon (8/15)             Temple (1/1) D:5
   Lair: D:8-11

Altars:
Ashenzari
Cheibriados
Dithmenos
Elyvilon
Gozag
Kikubaaqudgha
Makhleb
Nemelex Xobeh
Qazlal
Sif Muna
Trog
Uskayaw
Vehumet
Wu Jian
Yredelemnul
Zin
The Shining One

Shops:
D:6 ?

Annotations:
D:8 Maggie


Innate Abilities, Weirdness & Mutations

You have a pair of horns on your head.
You reflexively headbutt those who attack you in melee.


Message History

Maggie is lightly wounded.
Reach: y) +3 trident (venom)
Press: ? - help, Dir - move target, f/p - Maggie
Aim: Maggie, wielding a +0 morningstar and wearing +0 steam dragon scales (lightly wounded, very poisoned, about 34% to evade your +3 trident of venom)
You puncture Maggie!
Maggie looks as sick as possible!
Maggie is moderately wounded.
You hit Maggie.
Maggie is moderately wounded.
Maggie barely misses you.
You closely miss Maggie. You headbutt Maggie, but do no damage.
Maggie is moderately wounded.
Maggie hits you with a +0 morningstar!
You puncture Maggie!
Maggie looks as sick as possible!
Maggie is heavily wounded.
Maggie drinks a potion.
Maggie is healed!
Maggie looks more healthy.
You hit Maggie.
Maggie is poisoned.
You headbutt Maggie, but do no damage.
Maggie is heavily wounded.
You barely miss Maggie. You headbutt Maggie.
Maggie is heavily wounded.
Maggie hits you with a +0 morningstar!
* * * LOW HITPOINT WARNING * * *
You hit Maggie but do no damage.
Maggie looks as sick as possible!
Maggie is heavily wounded.
Maggie hits you with a +0 morningstar!
* * * LOW HITPOINT WARNING * * *
You closely miss Maggie. You headbutt Maggie.
Maggie is severely wounded.
Maggie hits you with a +0 morningstar!
* * * LOW HITPOINT WARNING * * *
You hit Maggie.
Maggie looks as sick as possible!
You headbutt Maggie.
Maggie is severely wounded.
You barely miss Maggie. You headbutt Maggie.
Maggie is almost dead.
Maggie hits you with a +0 morningstar.
* * * LOW HITPOINT WARNING * * *
You hit Maggie but do no damage.
Maggie looks as sick as possible!
Maggie is almost dead.
Maggie casts a spell at you. The bolt of fire hits you!
You die...

..............#
...................#
#..................#
#..........>.......#
###.....##..........##
....... #......[....#
#....####..........#
#.@##............##
#@##..##.....#..#
#.##.####..######
#....'..##.#
###..'[.##.#
##.####[.# #..##...#
#.......# #########


You could see Maggie (extremely poisoned).

Vanquished Creatures
  Erica (D:7)
  Joseph (D:8)
  Grinder (D:3)
  2 steam dragons (D:7)
  Eustachio (D:6)
  Menkaure (D:4)
  A water moccasin (D:5)
  A sky beast (D:8)
  2 ice beasts
  2 black bears
  An orc warrior (D:7)
  2 centaurs
  2 kobold brigands
  2 necrophages
  A scorpion (D:5)
  4 gnoll sergeants (D:8)
  5 wights (D:7)
  A howler monkey (D:5)
  A crimson imp (D:6)
  9 orc priests
  8 hounds
  2 jellies
  Crazy Yiuf (D:6)
  A gnoll bouda (D:7)
  7 iguanas
  13 orc wizards
  21 gnolls
  6 adders
  2 shadow imps (D:6)
  A white imp (D:5)
  An ufetubus (D:4)
  3 worms
  6 dart slugs
  33 orcs
  9 ball pythons
  3 bats
  2 endoplasms (D:3)
  4 giant cockroaches
  12 goblins
  10 hobgoblins
  6 jackals
  25 kobolds
  4 quokkas
  11 frilled lizards
  4 rats
236 creatures vanquished.

Vanquished Creatures (others)
  2 fungi (D:8)
  13 plants
15 creatures vanquished.

Grand Total: 251 creatures vanquished

Notes
Turn   | Place    | Note
-------+----------+-------------------------------------------
     0 | D:1      | Earthwalker the Minotaur Fighter began the quest for the
                  | Orb.
     0 | D:1      | Reached XP level 1. HP: 19/19 MP: 0/0
    56 | D:1      | Reached XP level 2. HP: 19/27 MP: 1/1
   489 | D:1      | Reached skill level 3 in Polearms
   489 | D:1      | Reached XP level 3. HP: 31/33 MP: 2/2
   802 | D:2      | Found a faded altar of an unknown god.
  1416 | D:3      | Found a hide-covered altar of Uskayaw.
  1477 | D:3      | Noticed Grinder
  1480 | D:3      | Reached XP level 4. HP: 40/40 MP: 3/3
  1493 | D:3      | Killed Grinder
  1494 | D:3      | Reached skill level 5 in Polearms
  1494 | D:3      | Reached skill level 5 in Armour
  1494 | D:3      | Reached skill level 1 in Dodging
  1494 | D:3      | Reached XP level 5. HP: 11/47 MP: 4/4
  1747 | D:3      | Reached XP level 6. HP: 53/53 MP: 5/5
  1876 | D:3      | Found a bloodstained altar of Trog.
  2764 | D:4      | Noticed Menkaure
  2775 | D:4      | Killed Menkaure
  2776 | D:4      | Reached skill level 6 in Polearms
  3087 | D:4      | Reached XP level 7. HP: 56/60 MP: 6/6
  3363 | D:5      | Entered Level 5 of the Dungeon
  3389 | D:5      | Reached skill level 5 in Fighting
  3865 | D:5      | Reached skill level 7 in Polearms
  3865 | D:5      | Reached skill level 5 in Shields
  4019 | D:5      | Reached XP level 8. HP: 55/69 MP: 7/7
  4221 | D:5      | Found a staircase to the Ecumenical Temple.
  4228 | Temple   | Entered the Ecumenical Temple
  4842 | D:5      | Reached skill level 8 in Polearms
  5720 | D:6      | Found a burning altar of Makhleb.
  5758 | D:6      | Found a runed translucent door.
  5759 | D:6      | Noticed Crazy Yiuf
  5777 | D:6      | Found Raidecic's Magic Scroll Boutique.
  5877 | D:6      | Reached skill level 9 in Polearms
  6074 | D:6      | Noticed Eustachio
  6088 | D:6      | Killed Eustachio
  6457 | D:6      | Killed Crazy Yiuf
  6636 | D:7      | Reached XP level 9. HP: 44/75 MP: 8/8
  7470 | D:7      | Found a shimmering blue altar of Sif Muna.
  7485 | D:7      | Found a shadowy altar of Dithmenos.
  7531 | D:7      | Reached skill level 10 in Polearms
  8778 | D:8      | Reached skill level 11 in Polearms
  9483 | D:8      | Noticed Joseph
  9625 | D:8      | Killed Joseph
  9626 | D:8      | Reached XP level 10. HP: 9/83 MP: 9/9
  9985 | D:8      | Noticed Erica
 10389 | D:7      | HP: 4/83 [something/lance of force (20)]
 10406 | D:7      | Killed Erica
 10407 | D:7      | Reached skill level 5 in Dodging
 11202 | D:8      | Noticed Maggie
 11212 | D:8      | HP: 4/88 [Maggie/+0 morningstar (7)]
 11215 | D:8      | Killed from afar by Maggie

Illustrated notes

Levels and vault maps discovered:
D:1:      giann_forest_graveyard, layout_basic
D:2:      layout_rooms, basic_ecumenical_altar, nicolae_figureground_sparkle
D:3:      layout_loops_cross, bloody_trog, nicolae_uskayaw_dance_hall,
          minmay_cut_off, uniq_grinder
D:4:      layout_rooms, minmay_misc_feat_pillars, minmay_circle_x, uniq_menkaure
D:5:      layout_loops_ring, minmay_temple_entry_tees, dk_noncrumbling_2,
          corexii_shack, hangedman_decor_diamond_cutter
D:6:      layout_basic, makhleb_grotto_becter, serial_shops,
          nicolae_shop_advertising_works [nicolae_subvault_shop_adworks],
          minmay_lizard_king, uniq_crazy_yiuf_cottage, uniq_eustachio
D:7:      layout_basic, mainiacjoe_overflow_brackets,
          nicolae_sif_muna_condensation, nicolae_overflow_hidden_temple
D:8:      cheibrodos_quashed, layout_cave_pools,
          nicolae_ru_the_path_less_chosen, david_lair_generic,
          serial_gnoll_camp, gnoll_camp_mini_basic, gnoll_camp_mini_hut,
          gnoll_camp_mini_sergeant, gnoll_camp_huts_moat, gnoll_camp_mini_house,
          gnoll_camp_mini_doghouse, uniq_erica, uniq_maggie, uniq_joseph
Temple:   nicolae_temple_bog_church

Skill      XL: |  1  2  3  4  5  6  7  8  9 10 |
---------------+-------------------------------+-----
Armour         | 4 5 6 7 9 |  9.6
Fighting       | 4 5 6 7 |  7.8
Polearms       | 3 5 6 7 9 11 | 11.9
Dodging        | 1 2 3 4 5 |  5.1
Shields        | 4 5 6 |  6.8

Action                   |  1- 3 |  4- 6 |  7- 9 | 10-12 || total
-------------------------+-------+-------+-------+-------++-------
Melee: Trident           |   113 |   117 |   415 |   101 ||   746
       Headbutt          |    10 |    19 |    52 |    26 ||   107
Throw: Dart              |       |       |       |     2 ||     2
  Use: Scroll            |     3 |     2 |     6 |       ||    11
Armor: Scale mail        |    45 |    20 |    86 |    27 ||   178
Dodge: Dodged            |    45 |    35 |   119 |    31 ||   230
Block: Buckler           |    19 |    22 |    48 |    12 ||   101
